 Dungeon Crawl Stone Soup version 0.24.1 (webtiles) character file.

Game seed: 14650552280629649392, levelgen mode: deterministic

1870 Destapler the Ruffian (level 8, 0/80 HPs)
             Began as a Troll Monk on Mar 30, 2020.
             Was an Elder of Okawaru.
             Slain by a killer bee (9 damage)
             ... on level 7 of the Dungeon.
             The game lasted 00:17:10 (5021 turns).

Destapler the Ruffian (Troll Monk)                  Turns: 5021, Time: 00:17:10

Health: 0/80       AC:  7    Str: 20    XL:     8   Next: 90%
Magic:  5/7        EV: 26    Int:  6    God:    Okawaru [****..]
Gold:   381        SH:  0    Dex: 19    Spells: 7/7 levels left

rFire    . . .     SeeInvis .     - Unarmed
rCold    . . .     Gourm    +   (no shield)
rNeg     . . .     Faith    .   b - +0 robe
rPois    .         Spirit   .   (helmet restricted)
rElec    .         Reflect  .   v - +0 cloak
rCorr    .         Harm     .   (gloves unavailable)
MR       .....                  (boots unavailable)
Stlth    ++++......             (no amulet)
HPRegen  0.63/turn              o - +3 ring of evasion
MPRegen  0.10/turn              (no ring)

@: agile, lethally poisoned (0 -> -5), heroism
A: large, unfitting armour, claws 3, fast metabolism 3, gourmand, regeneration
1, shaggy fur 1, tough skin 3
a: Heroism, Renounce Religion


You were on level 7 of the Dungeon.
You worshipped Okawaru.
Okawaru was greatly pleased with you.
You were very full.

You visited 1 branch of the dungeon, and saw 7 of its levels.

You collected 381 gold pieces.

Inventory:

Hand Weapons
 a - a +2 dagger of venom
Missiles
 g - 6 poisoned darts (quivered)
Armour
 b - a +0 robe (worn)
 v - a +0 cloak (worn)
Jewellery
 o - a +3 ring of evasion (left claw)
 x - an uncursed ring of protection from magic {unknown}
Scrolls
 d - 2 scrolls of noise {unknown}
 e - 2 scrolls of teleportation {unknown}
 f - 4 scrolls of enchant armour {unknown}
 k - a scroll of amnesia {unknown}
 m - 2 scrolls of enchant weapon {unknown}
 r - 4 scrolls of remove curse {unknown}
 s - 5 scrolls of identify {unknown}
 t - 3 scrolls of blinking {unknown}
 u - a scroll of fog {unknown}
 w - 2 scrolls of fear {unknown}
Potions
 h - a potion of resistance {unknown}
 i - 3 potions of curing
 l - 2 potions of degeneration
 n - a potion of lignification
 q - a potion of brilliance {unknown}
 z - a potion of mutation {unknown}
Comestibles
 c - 11 rations
 A - 3 chunks of flesh


   Skills:
 + Level 5.1(10.1) Fighting
   Level 2.7(7.7) Maces & Flails
 + Level 3.1(8.1) Throwing
 + Level 5.1(10.1) Dodging
 - Level 1.0(6.0) Stealth
 * Level 7.4(12.4) Unarmed Combat
 * Level 1.2 Invocations


You had 7 spell levels left.
You didn't know any spells.
Your spell library contained the following spells:

 Spells                   Type           Power        Failure   Level  Hunger
 Magic Dart               Conj           #...         45%         1    ##.....
 Searing Ray              Conj           #.....       58%         2    ###....
 Dazzling Spray           Conj/Hex       #.....       83%         3    ####...
 Force Lance              Conj/Tloc      #.......     99%         4    #####..
 Fulminant Prism          Conj/Hex       #.........   99%         4    #####..
 Iskenderun's Mystic Bla  Conj           #.......     99%         4    #####..


Dungeon Overview and Level Annotations

Branches:
Dungeon (7/15)             Temple (0/1) D:6

Altars:
Cheibriados
Hepliaklqana
Okawaru
Qazlal
Sif Muna
Xom
Zin


Innate Abilities, Weirdness & Mutations

You are too large for most types of armour.
You have claws for hands.
Your metabolism is lightning-fast.
You like to eat raw meat.
Your natural rate of healing is unusually fast.
You are covered in fur. (AC +1)
You have extremely tough skin. (AC +3)


Message History

You barely miss the killer bee.
You feel sick. The killer bee misses you.
The killer bee closely misses you. x2; The centaur skeleton misses you.
The killer bee closely misses you. The killer bee completely misses you.
The orc misses you.
You mangle the killer bee!!
You kill the killer bee!
Okawaru accepts your kill.
You feel sick. The killer bee misses you. The killer bee closely misses you.
The orc misses you.
The centaur skeleton completely misses you.
You feel sick. The killer bee completely misses you. The killer bee stings you.
* * * LOW HITPOINT WARNING * * *
The killer bee stings you but does no damage.
The killer bee closely misses you.
You see here a killer bee corpse.
You claw the orc!
You kill the orc!
Okawaru accepts your kill.
You feel sick. The killer bee misses you. The killer bee stings you!
You die...

........##...# ..
.......#.....#. ..
#......#####... . #.####
#.........).).. ?.
#....###.###.....).##.
...#.....#...#...........
.....>.................##
..........##...###......#
.......y@####.## ......##
#....)oy.##...#.......#
#..##.Z...............# #
#................##
#..##...#........#
#.........#.........
##..#.....##.##..#
##.###....... ..# #.
##.......


You could see 2 killer bees, an orc and a centaur skeleton.

Vanquished Creatures
  Eustachio (D:3)
  Edmund (D:5)
  A water moccasin (D:5)
  Duvessa (D:5)
  2 orc warriors (D:7)
  A bullfrog (D:2)
  Dowan (D:5)
  A scorpion (D:6)
  2 killer bees (D:7)
  4 howler monkeys
  A bullfrog zombie (D:6)
  2 crimson imps
  A gnoll shaman (D:5)
  An orc priest (D:4)
  Crazy Yiuf (D:3)
  A centaur skeleton (D:6)
  3 hounds
  3 iguanas
  An orc wizard (D:4)
  4 worker ants
  A killer bee zombie (D:7)
  2 hound skeletons
  A worker ant zombie (D:5)
  7 gnolls
  6 adders
  A shadow imp (D:7)
  An adder skeleton (D:4)
  4 worms
  3 dart slugs
  2 leopard geckos
  10 orcs
  4 ball pythons
  6 bats
  3 giant cockroaches
  7 goblins
  4 hobgoblins
  14 jackals
  3 quokkas
  A frilled lizard (D:2)
  12 kobolds
  A quokka zombie (D:6)
  6 rats
132 creatures vanquished.

Notes
Turn   | Place    | Note
-------+----------+-------------------------------------------
     0 | D:1      | Destapler the Troll Monk began the quest for the Orb.
     0 | D:1      | Reached XP level 1. HP: 22/22 MP: 0/0
     2 | D:1      | Noticed an elf
     2 | D:1      | Noticed a vine stalker
     4 | D:1      | Noticed a formicid
     4 | D:1      | Noticed a troll
     6 | D:1      | Noticed a centaur
     8 | D:1      | Noticed a dwarf
     8 | D:1      | Noticed a demonspawn
    10 | D:1      | Noticed a halfling
    10 | D:1      | Noticed a gargoyle
    13 | D:1      | Noticed a merfolk
    15 | D:1      | Noticed a ghoul
    15 | D:1      | Noticed a felid
    17 | D:1      | Noticed a minotaur
    17 | D:1      | Noticed a demigod
    19 | D:1      | Noticed an ogre
    21 | D:1      | Noticed a vampire
    21 | D:1      | Noticed a draconian
    23 | D:1      | Noticed a spriggan
    23 | D:1      | Noticed an octopode
    25 | D:1      | Noticed a tengu
    27 | D:1      | Noticed a human
    27 | D:1      | Noticed a naga
   171 | D:1      | Reached XP level 2. HP: 29/29 MP: 1/1
   276 | D:1      | Reached skill level 1 in Unarmed Combat
   525 | D:1      | Reached XP level 3. HP: 36/36 MP: 2/2
   838 | D:2      | Found a stormy altar of Qazlal.
   866 | D:2      | Noticed a bullfrog
   872 | D:2      | Killed a bullfrog
   872 | D:2      | Reached skill level 2 in Unarmed Combat
   872 | D:2      | Reached XP level 4. HP: 35/45 MP: 3/3
  1010 | D:2      | Found an iron altar of Okawaru.
  1017 | D:2      | Became a worshipper of Warmaster Okawaru
  1017 | D:2      | Reached * piety under Okawaru
  1017 | D:2      | Reached ** piety under Okawaru
  1126 | D:2      | Found a snail-covered altar of Cheibriados.
  1127 | D:2      | Found a glowing silver altar of Zin.
  1513 | D:3      | Reached skill level 3 in Unarmed Combat
  1645 | D:3      | Reached XP level 5. HP: 53/53 MP: 4/4
  1883 | D:3      | Found a runed translucent door.
  1884 | D:3      | Noticed Crazy Yiuf
  1891 | D:3      | Killed Crazy Yiuf
  2097 | D:4      | Noticed Eustachio
  2166 | D:3      | Killed Eustachio
  2166 | D:3      | Reached skill level 4 in Unarmed Combat
  2166 | D:3      | Reached XP level 6. HP: 48/61 MP: 2/5
  2573 | D:4      | Reached XP level 7. HP: 68/68 MP: 6/6
  2662 | D:4      | Reached skill level 5 in Unarmed Combat
  2740 | D:4      | Found an iron altar of Okawaru.
  3214 | D:4      | Found a shimmering altar of Xom.
  3257 | D:5      | Entered Level 5 of the Dungeon
  3387 | D:5      | Noticed Dowan
  3387 | D:5      | Noticed Duvessa
  3409 | D:5      | Killed Duvessa
  3409 | D:5      | Reached *** piety under Okawaru
  3409 | D:5      | Reached skill level 1 in Throwing
  3421 | D:5      | Killed Dowan
  3750 | D:5      | Noticed Edmund
  3767 | D:5      | Killed Edmund
  3767 | D:5      | Reached skill level 6 in Unarmed Combat
  3798 | D:5      | Reached XP level 8. HP: 72/79 MP: 7/7
  4323 | D:6      | Found a staircase to the Ecumenical Temple.
  4586 | D:6      | Found a hazy altar of Hepliaklqana.
  4859 | D:7      | Reached skill level 7 in Unarmed Combat
  4896 | D:7      | Found a shimmering blue altar of Sif Muna.
  4963 | D:7      | Reached skill level 5 in Fighting
  4963 | D:7      | Reached skill level 5 in Dodging
  4997 | D:7      | Reached **** piety under Okawaru
  5005 | D:7      | Reached skill level 1 in Invocations
  5021 | D:7      | Slain by a killer bee

Levels and vault maps discovered:
D:1:      kb_arrival_jail, layout_loops_cross, minmay_misc_feat_ornament
D:2:      layout_loops_ring, nicolae_qazlal_general_emergency,
          gammafunk_temple_overflow_statue, first_ration,
          okawaru_ov_weapons_minmay
D:3:      layout_rooms, uniq_crazy_yiuf_cottage
D:4:      layout_basic, overflow_temple_1_default, xom_teletrap_fun,
          uniq_eustachio
D:5:      layout_basic, lemuel_flamethrower_1, uniq_duvessa, uniq_edmund
D:6:      layout_cave_pods, minmay_temple_entry_offerings, basic_altar,
          grunt_ministairs_14
D:7:      layout_cave_pools, led_sif_pool

Skill      XL: |  1  2  3  4  5  6  7  8 |
---------------+-------------------------+-----
Unarmed Combat | 1 2 3 4 6 7 |  7.4
Fighting       | 3 4 5 |  5.1
Dodging        | 3 4 5 |  5.1
Throwing       | 1 3 |  3.1
Invocations    | 1 |  1.2
Maces & Flails | |  2.7
Stealth        | |  1.0

Action                   |  1- 3 |  4- 6 |  7- 9 || total
-------------------------+-------+-------+-------++-------
Melee: Mace              |    15 |       |       ||    15
       Unarmed           |    76 |   153 |   203 ||   432
       Short sword       |     3 |       |       ||     3
       Punch             |     2 |     2 |     7 ||    11
Throw: Dart              |       |       |    36 ||    36
Invok: Heroism           |       |     1 |     2 ||     3
  Use: Potion            |       |       |     5 ||     5
 Stab: Sleeping          |     4 |     1 |     5 ||    10
  Eat: Chunk             |    14 |    15 |    22 ||    51
Armor: Robe              |    32 |    43 |    56 ||   131
       Skin              |       |       |    22 ||    22
Dodge: Dodged            |    50 |   121 |   216 ||   387
